 Dungeon Crawl Stone Soup version 0.16.1-5-gaa23807 (webtiles) character file.

10005 Joshi the Warrior (level 11, -5/168 HPs)
             Began as a Minotaur Berserker on Mar 28, 2015.
             Was a High Priest of Trog.
             Killed by divine providence
             ... invoked by an orc priest
              (16 damage)
             ... on level 4 of the Orcish Mines on Mar 29, 2015.
             The game lasted 02:18:22 (12711 turns).

Joshi the Warrior (Minotaur Berserker)             Turns: 12711, Time: 02:18:22

Health: -5/168     AC: 11    Str: 29    XL:     11   Next: 30%
Magic:  4/4        EV: 11    Int:  4    God:    Trog [*****.]
Gold:   717        SH:  2    Dex: 11    Spells: 0 memorised, 10 levels left

rFire  . . .     SeeInvis .     H - -1 hand axe (curse)
rCold  . . .     Clarity  .     l - +3 ring mail
rNeg   + . .     SustAb   +     O - -1 buckler (curse)
rPois  +         Gourm    .     (helmet restricted)
rElec  .         Spirit   .     z - +1 cloak {rPois}
rCorr  .         Warding  .     d - +0 pair of gloves
rMut   .         Stasis   .     (no boots)
MR     .....                    L - amulet of inaccuracy (curse)
Stlth  ..........               p - ring of positive energy
                                b - ring of sustain abilities

@: berserking (expiring), very quick, not resistant to hostile enchantments,
extremely unstealthy
A: retaliatory headbutt, horns 2
a: Burn Spellbooks, Berserk, Trog's Hand, Brothers in Arms, Renounce Religion


You were on level 4 of the Orcish Mines.
You worshipped Trog.
Trog was extremely pleased with you.
You were not hungry.

You visited 3 branches of the dungeon, and saw 14 of its levels.
You also visited: Sewer.

You collected 808 gold pieces.
You spent 91 gold pieces at shops.

Inventory:

Hand weapons
 e - a +1 hand axe of freezing
 h - a +1 scythe of protection
 B - a +3 hand crossbow of flaming
 E - the +10 battleaxe of the Demagogue {flame, rElec rPois Str+5 Dex-5, unknown}
   (Trog gifted it to you on level 2 of the Orcish Mines)

   It has been specially enchanted to burn those struck by it, causing extra
   injury to most foes and up to half again as much damage against particularly
   susceptible opponents.
   Big, fiery blades are also staple armaments of hydra-hunters.
   It affects your strength (+5).
   It affects your dexterity (-5).
   It insulates you from electricity.
   It protects you from poison.
 G - a +6 arbalest of freezing
 H - a cursed -1 hand axe (weapon)
 S - a +1 hand axe of flaming
 U - a +0 hand axe of chopping
 Z - a +4 battleaxe of draining
Missiles
 c - 27 bolts of frost
 s - 19 poisoned bolts
 J - 26 bolts
 N - 2 tomahawks of returning (quivered)
Armour
 a - a +0 shield
 d - a +0 pair of gloves (worn)
 l - a +3 ring mail (worn)
 y - a +0 plate armour
 z - a +1 cloak of poison resistance (worn)
 M - a +0 plate armour
 O - a cursed -1 buckler (worn)
 T - a cursed -1 ring mail
 X - a +0 plate armour
Jewellery
 b - a ring of sustain abilities (left hand)
 g - an uncursed ring of protection from cold
 p - a ring of positive energy (right hand)
 L - a cursed amulet of inaccuracy (around neck)
Magical devices
 t - a wand of paralysis (4)
 Q - a wand of random effects (30)
 Y - a wand of fireball (2)
Scrolls
 A - a scroll of enchant armour
 C - 3 scrolls of noise
 D - 3 scrolls of fog
 F - 2 scrolls of magic mapping
 P - 4 scrolls of recharging
Potions
 f - 4 potions of might {unknown}
 i - a potion of mutation {unknown}
 j - 4 potions of heal wounds {unknown}
 k - 2 potions of restore abilities {unknown}
 m - 2 potions of haste {unknown}
 n - 5 potions of brilliance
 r - a potion of poison
 u - a potion of cancellation
 v - a potion of agility
 W - 3 potions of flight {unknown}
Miscellaneous
 w - a box of beasts {used: 1}
Comestibles
 o - 3 fruits
 q - 3 meat rations
 I - 5 beef jerkies
 K - 9 bread rations
 R - 8 chunks of flesh


   Skills:
 + Level 15.0 Fighting
 * Level 13.4 Axes
 + Level 5.1 Crossbows
 - Level 2.6 Armour
 - Level 2.1 Dodging


You had 10 spell levels left.
You didn't know any spells.

Dungeon Overview and Level Annotations

Branches:
Dungeon (9/15)             Temple (1/1) D:5             Orc (4/4) D:9
    Elf (0/3) Orc:3
   Lair: D:8-11

Altars:
Ashenzari
Cheibriados
Dithmenos
Elyvilon
Fedhas
Gozag
Kikubaaqudgha
Makhleb
Nemelex Xobeh
Okawaru
Qazlal
Ru
Sif Muna
Trog
Vehumet
Xom
Yredelemnul
Zin
The Shining One
Beogh

Shops:
D:3 *   D:6 %   D:9 (   Orc:4 (


Innate Abilities, Weirdness & Mutations

You reflexively headbutt those who attack you in melee.
You have a pair of horns on your head.


Message History

You miss the orc warrior.
The orc warrior is moderately wounded.
You hit the orc warrior!
The orc warrior is moderately wounded.
The orc warrior barely misses you. The orc warrior closely misses you.
You hit the orc warrior. Your headbutt misses the orc warrior.
The orc warrior is heavily wounded.
You hit the orc warrior!
The orc warrior is heavily wounded.
The orc warrior hits you with a battleaxe of holy wrath!
* * * LOW HITPOINT WARNING * * *
You hit the orc warrior!
The orc warrior is severely wounded.
You hit the orc warrior!
The orc warrior is almost dead.
The orc warrior barely misses you. The orc warrior hits you with a mace.
* * * LOW HITPOINT WARNING * * *
The orc priest mumbles some strange prayers to Beogh against you.
Something smites you!
You die...

#### ####
.....####..##
......#.....#
......#......#
............##
....#.o)@.o##
.......oo$..#
..#.......#....
.#......#.#...#
........... ...
...........#.#
.............
....#......##
...#...#... .


You could see 3 orc warriors and an orc priest.

Vanquished Creatures
  Pikel (D:5)
  2 orc sorcerers (Orc:4)
  Joseph (D:9)
  A troll (D:9)
  A hill giant zombie (D:9)
  A deep elf mage (D:9)
  A hog (D:7)
  Eustachio (D:5)
  A human (D:7)
  9 yaks
  2 hungry ghosts
  A wolf (Orc:4)
  Menkaure (D:4)
  2 wargs (Orc:4)
  2 water moccasins
  A slave (D:5)
  7 orc warriors
  A sky beast (D:9)
  2 phantoms
  A crocodile (D:8)
  An ice beast (D:6)
  3 ogres
  3 centaurs
  3 scorpions
  2 giant frogs (D:9)
  12 killer bees
  A giant frog zombie (D:8)
  4 crimson imps
  A quasit (D:9)
  6 worker ants
  A giant frog skeleton (D:7)
  11 orc priests
  8 hounds
  2 jellies (D:9)
  2 iguanas
  A centaur skeleton (D:7)
  25 orc wizards
  2 ogre zombies (D:9)
  2 sheep (D:7)
  A hound skeleton (D:4)
  A worker ant zombie (D:5)
  3 gnolls (D:5)
  10 adders
  7 river rats
  3 shadow imps
  4 giant mites
  3 worms
  6 giant geckos
  115 orcs
  10 bats
  13 goblins
  11 hobgoblins
  33 kobolds
  An ooze (D:4)
  2 quokkas
  7 ball pythons
  8 giant cockroaches
  10 giant newts
  A goblin skeleton (D:9)
  A goblin zombie (D:9)
  2 hobgoblin zombies (D:9)
  10 jackals
  An orc skeleton (D:9)
  9 orc zombies
  A quokka zombie (D:6)
  40 rats
442 creatures vanquished.

Vanquished Creatures (collateral kills)
  A hill giant zombie (D:9)
  A hungry ghost (D:9)
  A wolf (Orc:4)
  A warg (Orc:4)
  2 orc warriors
  Duvessa (Orc:1)
  A troll zombie (D:9)
  Dowan (Orc:1)
  An orc wizard (Orc:1)
  3 ogre zombies (D:9)
  3 orcs (Orc:1)
  A hobgoblin (D:9)
  2 goblin zombies (D:9)
  2 hobgoblin zombies (D:9)
  2 orc skeletons (D:9)
  7 orc zombies (D:9)
30 creatures vanquished.

Vanquished Creatures (others)
  An adder skeleton (D:6)
1 creature vanquished.

Grand Total: 473 creatures vanquished

Notes
Turn   | Place    | Note
--------------------------------------------------------------
     0 | D:1      | Joshi, the Minotaur Berserker, began the quest for the Orb.
     0 | D:1      | Reached XP level 1. HP: 19/19 MP: 1/1
   454 | D:1      | Reached skill level 4 in Axes
   454 | D:1      | Reached XP level 2. HP: 27/27 MP: 1/1
   767 | D:1      | Acquired Trog's second power
  1375 | D:2      | Found a burning altar of Makhleb.
  1375 | D:2      | Noticed a green death
  1378 | D:2      | Noticed a ynoxinul
  1378 | D:2      | Noticed a ynoxinul
  1540 | D:2      | Reached XP level 3. HP: 10/34 MP: 2/2
  2264 | D:3      | Reached skill level 5 in Fighting
  2264 | D:3      | Reached XP level 4. HP: 42/42 MP: 2/2
  2276 | D:3      | Found Zin's Purification Station.
  2278 | D:3      | Found a glowing silver altar of Zin.
  2290 | D:3      | Noticed a scorpion
  2299 | D:3      | Killed a scorpion
  2299 | D:3      | Reached skill level 5 in Axes
  2343 | D:3      | Found a glowing drain.
  2345 | D:3      | Reached XP level 5. HP: 42/50 MP: 2/2
  2349 | D:3      | Reached skill level 6 in Fighting
  2550 | Sewer    | Entered a sewer
  2606 | Sewer    | Acquired Trog's third power
  2817 | Sewer    | Reached XP level 6. HP: 53/58 MP: 3/3
  3689 | D:3      | Reached skill level 7 in Fighting
  4346 | D:4      | Reached skill level 8 in Fighting
  4346 | D:4      | Reached XP level 7. HP: 68/68 MP: 3/3
  4721 | D:4      | Noticed Menkaure
  4728 | D:4      | Killed Menkaure
  4728 | D:4      | Reached skill level 9 in Fighting
  5107 | D:4      | Reached XP level 8. HP: 62/79 MP: 3/3
  5356 | D:5      | Entered Level 5 of the Dungeon
  5417 | D:5      | Found a staircase to the Ecumenical Temple.
  5456 | D:5      | Reached skill level 10 in Fighting
  5802 | D:5      | Noticed Eustachio
  5828 | Temple   | Entered the Ecumenical Temple
  5930 | D:5      | Killed Eustachio
  5955 | D:5      | Noticed Pikel
  5979 | D:5      | Killed Pikel
  5979 | D:5      | Reached skill level 11 in Fighting
  6436 | D:6      | Received a gift from Trog
  6436 | D:6      | Reached XP level 9. HP: 85/90 MP: 4/4
  6471 | D:6      | Found Ycainal's Food Emporium.
  6941 | D:6      | Reached skill level 12 in Fighting
  7345 | D:7      | Reached skill level 10 in Axes
  7346 | D:7      | HP: 3/92 [sheep (7)]
  7350 | D:7      | Reached skill level 13 in Fighting
  7692 | D:7      | Found a bloodstained altar of Trog.
  7780 | D:7      | Found a blossoming altar of Fedhas.
  7782 | D:7      | Found a sparkling altar of Nemelex Xobeh.
  7782 | D:7      | Found a sacrificial altar of Ru.
  8477 | D:8      | Found an iron altar of Okawaru.
  8480 | D:8      | Received a gift from Trog
  8590 | D:8      | Reached XP level 10. HP: 102/102 MP: 4/4
  8784 | D:9      | Noticed Joseph
  8798 | D:9      | Killed Joseph
  8798 | D:9      | Reached skill level 14 in Fighting
  8876 | D:9      | Found Iheirchu's Antique Weapon Boutique.
  8889 | D:9      | Bought a glowing hand crossbow for 91 gold pieces
  8913 | D:9      | Reached skill level 1 in Crossbows
  9546 | D:9      | Found a staircase to the Orcish Mines.
 10029 | D:9      | Received a gift from Trog
 10278 | Orc:1    | Entered Level 1 of the Orcish Mines
 10289 | Orc:1    | Noticed Duvessa
 10290 | Orc:1    | Noticed Dowan
 10294 | Orc:1    | Killed Duvessa
 10295 | Orc:1    | Killed Dowan
 10324 | Orc:1    | Received a gift from Trog
 10689 | Orc:2    | Received a gift from Trog
 10694 | Orc:2    | Got a shimmering battleaxe {god gift}
 11035 | Orc:3    | Found a staircase to the Elven Halls.
 11094 | Orc:3    | Reached XP level 11. HP: 111/111 MP: 4/4
 11266 | Orc:3    | Found a flagged portal.
 11698 | Orc:4    | Entered Level 4 of the Orcish Mines
 11729 | Orc:4    | Received a gift from Trog
 11881 | Orc:4    | Found a roughly hewn altar of Beogh.
 11891 | Orc:4    | Found Honil's Weapon Shoppe.
 12337 | Orc:4    | Received a gift from Trog
 12425 | Orc:4    | Found a roughly hewn altar of Beogh.
 12436 | Orc:4    | Reached skill level 5 in Crossbows
 12462 | Orc:4    | Reached skill level 15 in Fighting
 12711 | Orc:4    | Killed from afar by an orc priest

Action                   |  1- 3 |  4- 6 |  7- 9 | 10-12 || total
-------------------------+-------+-------+-------+-------++-------
Melee: Hand axe          |    53 |       |   365 |   483 ||   901
       Whip              |    32 |    49 |    42 |       ||   123
       Dagger            |    14 |   117 |       |       ||   131
Invok: Berserk           |     1 |     7 |    14 |    21 ||    43
       Trog's Hand       |     1 |     1 |     4 |     3 ||     9
       Burn Spellbooks   |       |     1 |       |     2 ||     3
       Brothers in Arms  |       |       |       |     4 ||     4
Evoke: Wand              |       |       |     2 |     3 ||     5
       Box of beasts     |       |       |       |     1 ||     1
  Use: Scroll            |     5 |       |     8 |     3 ||    16
       Potion            |       |       |     7 |     3 ||    10
 Stab: Paralysed         |       |       |     5 |       ||     5
       Distracted        |       |       |       |     1 ||     1
  Eat: Chunk             |     3 |     4 |    21 |    26 ||    54
       Bread ration      |     1 |     2 |     1 |       ||     4
       Fruit             |       |       |     1 |       ||     1
       Pizza             |       |       |     1 |     6 ||     7
